 Dungeon Crawl Stone Soup version 0.29-a0-994-gc5c9f59d18 (webtiles) character file.

Game seed: 12422768243186271927

1529090 siradein the Conqueror (level 27, 144/323 HPs)
             Began as an Ogre Fighter on Aug 3, 2022.
             Was an Elder of Trog.
             Escaped with the Orb
             ... and 3 runes on Aug 4, 2022!
             The game lasted 04:31:24 (82448 turns).

siradein the Conqueror (Ogre Fighter)              Turns: 82448, Time: 04:31:24

Health: 144/323    AC: 42    Str: 36    XL:     27
Magic:  21/23      EV: 17    Int:  3    God:    Trog [****..]
Gold:   1903       SH: 36    Dex: 27    Spells: 26/26 levels left

rFire   + + +      SeeInvis +   C - +7 flail "Gesch" {vamp, Drain rF+ rN++}
rCold   + + .      Faith    .   c - +4 tower shield of the Everdark {rC- Str+5 Int-5 Dex+9}
rNeg    + + .      Spirit   .   J - +12 gold dragon scales
rPois   +          Reflect  +   V - +2 hat
rElec   .          Harm     .   I - +2 cloak {Stlth+}
rCorr   .          Rampage  .   (gloves unavailable)
Will    ++++.                   (boots unavailable)
Stlth   ..........              P - amulet "Logeruca" {Reflect rF+ Str-2 SH+5 SInv Stlth+}
HPRegen 1.63/turn               D - +6 ring of dexterity
MPRegen 0.18/turn               Y - ring of Riuc Wuu {rPois rC++ Dex-2 SInv}

@: strong-willed, on berserk cooldown, regenerating, slowed, studying
Evocations, very slow
A: large, unfitting armour, tough skin 1, iridescent scales 1, agile 1, weak 1,
MP-powered wands
0: Orb of Zot
}: 3/15 runes: decaying, serpentine, silver
a: Renounce Religion, Berserk, Trog's Hand, Brothers in Arms


You escaped.
You worshipped Trog.
Trog was greatly pleased with you.
You visited 10 branches of the dungeon, and saw 48 of its levels.
You visited the Abyss 1 time.
You also visited: Sewer, Bailey and Gauntlet.

You collected 7890 gold pieces.
You spent 5987 gold pieces at shops.

Inventory:

Hand Weapons
 a - a +9 eveningstar of protection
 v - the +3 eveningstar "Xauho" {vorpal, rElec Will+ Str+3 Dex-5}
   (Trog gifted it to you on level 4 of the Snake Pit)

   It inflicts extra damage upon your enemies.
   Str:       It affects your strength (+3).
   Dex:       It affects your dexterity (-5).
   rElec:     It insulates you from electricity.
   Will:      It increases your willpower.
 C - the +7 flail "Gesch" (weapon) {vamp, Drain rF+ rN++}
   (You found it on level 2 of the Snake Pit)

   It occasionally heals its wielder for a portion of the damage dealt when it
   wounds a living foe.
   rF:        It protects you from fire.
   rN:        It greatly protects you from negative energy.
   Drain:     It drains your maximum health when unequipped.
Missiles
 r - 6 silver javelins
 H - 71 large rocks
 X - 13 silver boomerangs (quivered)
 Z - 5 javelins
Armour
 c - the +4 tower shield of the Everdark (worn) {rC- Str+5 Int-5 Dex+9}
   (You acquired it on level 1 of the Lair of Beasts)

   Str:       It affects your strength (+5).
   Int:       It affects your intelligence (-5).
   Dex:       It affects your dexterity (+9).
   rC:        It makes you vulnerable to cold.
 I - a +2 cloak of stealth (worn)
 J - +12 gold dragon scales (worn)
 O - the +3 hat of Pondering {ponderous, Will+ MP+10 Int+5}
   (You acquired it on level 3 of the Elven Halls)

   Int:       It affects your intelligence (+5).
   MP:        It affects your magic capacity (+10).
   Will:      It increases your willpower.
 V - a +2 hat (worn)
Jewellery
 p - a ring of see invisible
 D - a +6 ring of dexterity (left hand)
 L - the brooch of Shielding {Spirit SH+8}
   (You took it off a deep elf high priest on level 3 of the Elven Halls)

   [amulet of guardian spirit]

   It causes incoming damage to be divided between your reserves of health and
   magic.
   SH:        It affects your SH (+8).
 P - the amulet "Logeruca" (around neck) {Reflect rF+ Str-2 SH+5 SInv Stlth+}
   (You found it on level 1 of the Realm of Zot)

   [amulet of reflection]

   It reflects blocked missile attacks.
   Str:       It affects your strength (-2).
   rF:        It protects you from fire.
   SInv:      It lets you see invisible.
   SH:        It affects your SH (+5).
   Stlth:     It makes you more stealthy.
 Q - a ring of flight
 Y - the ring of Riuc Wuu (right hand) {rPois rC++ Dex-2 SInv}
   (You took it off a deep elf sorcerer on level 3 of the Elven Halls)

   [ring of see invisible]

   Dex:       It affects your dexterity (-2).
   rC:        It greatly protects you from cold.
   rPois:     It protects you from poison.
   SInv:      It lets you see invisible.
Wands
 b - a wand of polymorph (54)
 l - a wand of digging (5)
 m - a wand of paralysis (42)
 y - a wand of iceblast (43)
 G - a wand of quicksilver (23)
 R - a wand of mindburst (68)
 T - a wand of flame (25)
Scrolls
 d - 8 scrolls of fear
 j - 4 scrolls of poison
 k - 9 scrolls of fog
 n - 17 scrolls of teleportation
 q - 4 scrolls of immolation
 w - 2 scrolls of summoning
 x - 5 scrolls of silence
 E - a scroll of brand weapon
 N - 6 scrolls of magic mapping
 W - a scroll of blinking
Potions
 e - 7 potions of resistance
 h - 15 potions of haste
 i - 5 potions of cancellation
 s - 10 potions of might
 t - 3 potions of mutation
 u - 5 potions of invisibility
 A - 33 potions of curing
 B - 9 potions of heal wounds
 F - 3 potions of magic
 K - 10 potions of ambrosia
 M - 6 potions of flight
Miscellaneous
 f - a phial of floods
 g - a condenser vane
 o - a lightning rod (4/4)
 z - a box of beasts
 S - a phantom mirror
 U - a tin of tremorstones (2/2)


   Skills:
 O Level 27 Fighting
 - Level 16.0 Maces & Flails
 - Level 21.3 Throwing
 + Level 17.0 Armour
 - Level 16.4 Dodging
 + Level 23.8 Shields
 - Level 12.7 Evocations


You had 26 spell levels left.
You didn't know any spells.
Your spell library contained the following spells:

 Spells                   Type           Power      Damage    Failure   Level
 Ensorcelled Hibernation  Hex/Ice        0%         N/A       100%        2
 Passwall                 Tmut/Erth      0%         N/A       100%        2
 Scorch                   Fire           0%         2d5       100%        2
 Sublimation of Blood     Necr           0%         N/A       100%        2
 Wereblood                Tmut           0%         N/A       100%        2
 Conjure Flame            Conj/Fire      0%         6-21      100%        3
 Ignite Poison            Fire/Tmut/Pois 0%         N/A       100%        3
 Swiftness                Air            0%         N/A       100%        3
 Flame Wave               Conj/Fire      0%         2d4       100%        4
 Sticky Flame             Conj/Fire      0%         2d3       100%        4
 Summon Cactus Giant      Summ           0%         N/A       100%        6
 Summon Hydra             Summ           0%         N/A       100%        7


Dungeon Overview and Level Annotations

Branches:
Dungeon (15/15)            Temple (1/1) D:6            Lair (5/5) D:8
  Swamp (4/4) Lair:3        Snake (4/4) Lair:3        Slime (0/5) Lair:5
    Orc (2/2) D:12            Elf (3/3) Orc:2        Vaults (5/5) D:14
  Crypt (0/3) Vaults:2     Depths (4/4) D:15            Zot (5/5) Depths:4
  Sewer (visited)          Bailey (visited)         Gauntlet (visited)

Altars:
Ashenzari
Cheibriados
Dithmenos
Elyvilon
Fedhas
Gozag
Hepliaklqana
Kikubaaqudgha
Makhleb
Nemelex Xobeh
Okawaru
Qazlal
Ru
Sif Muna
Trog
Uskayaw
Vehumet
Wu Jian
Xom
Yredelemnul
Zin
The Shining One
Jiyva

Shops:
D:8 [   D:10 (   Orc:1 (   Orc:2 ([(*(*[   Elf:1 [:[:   Elf:3 =?(   Snake:1 [
Snake:3 !(   Vaults:1 =   Vaults:3 :   Vaults:4 [   Depths:1 *=?   Depths:2 *:
Depths:3 =!:*!

Portals:
Hell: Depths:1 Depths:2 Depths:3 Depths:4
Abyss: Depths:1 Depths:2 Depths:3
Pandemonium: Depths:2
Ziggurat: Depths:1
Trove: Depths:2 (give 17 scrolls of teleportation)

Annotations:
Zot:4 4 transporters
Zot:5 1 exclusion


Innate Abilities, Weirdness & Mutations

You are too large for most types of armour.
You have tough skin. (AC +1)
You are partially covered in iridescent scales. (AC +2)
You are agile. (Dex +4, Str/Int -1)
You are weak. (Str -2)
You expend magic power (3 MP) to strengthen your wands.


Message History

Unknown command.
Your ogre goes berserk!
You block Dobothru's attack. You block the lich's attack.
You block Dobothru's attack. The lich closely misses you.
Dobothru completely misses you.
You sock Dobothru!
Dobothru is lightly wounded.
You block Dobothru's attack.
The lich touches you but does no damage.
Your ogre completely misses Dobothru.
Dobothru tramples you!!
You hold your ground!
You block the lich's attack.
Unknown command.
You sock Dobothru!
Dobothru is lightly wounded.
You block Dobothru's attack. The lich closely misses you.
Your ogre misses Dobothru. Dobothru tramples you!
You hold your ground!
The lich touches you but does no damage.
Unknown command.
As you read the scroll of summoning, it crumbles to dust.
Wisps of shadow whirl around you... You block Dobothru's attack.
Your ogre completely misses Dobothru.
You block the lich's attack.
Dobothru tramples you but does no damage.
You block the lich's attack.
Your ogre hits Dobothru with a +0 giant club!!!
You block Dobothru's attack.
Blink to where?
Press: ? - help, Dir - move target
As you read the scroll of blinking, it crumbles to dust.
Dobothru tramples you.
You hold your ground!
You block Dobothru's attack.
Your ogre completely misses Dobothru.
Your ball python misses Dobothru.
Something hits your ball python!
Your ball python dies!
Your ball python's corpse dissolves into shadows!
You block Dobothru's attack. You block Dobothru's attack.
Your ogre completely misses Dobothru.
Your ball python bites Dobothru but does no damage.
Dobothru bursts into living lightning!
The living lightning misses you.
Dobothru blinks!
Dobothru tramples you!!
You hold your ground!
You have escaped!

#................
#.........#......
#.........#####.#
#..........## #..
#...........###..
##############....#
#.############..#.#
#&O.'..............
#S@.##########.....
#.^L##########.....
##'#.#.......#..#..
####'##4.......#.....
##........8.⌠.8.#§##§L
#....>..'.......#§§§§.
#.......#........§§§§.
#.########'###'##§§§§.
#.# #.....##§§§§.


You could see Dobothru (ally target), a lich (fast, invisible), a chaos spawn, a
friendly ogre (summoned, berserk) and a friendly ball python (summoned).

Vanquished Creatures
  The ghost of Ytolar the Conqueror, a legendary DsFi of Jiyva (Zot:1)
  3 dread liches
  7 orbs of fire
  3 juggernauts
  2 Killer Klowns (Zot:5)
  A shard shrike (Zot:1)
  Vashnia (Snake:3)
  Frederick (Vaults:4)
  3 curse toes
  9 caustic shrikes
  6 golden dragons
  Jorgrun (D:15)
  3 electric golems
  24 tentacled monstrosities
  A hellephant (Zot:1)
  An Ice Fiend (Depths:4)
  24 Orb Guardians
  Mlioglotl (Snake:1)
  A walking earthen tome (Depths:2)
  7 liches
  5 titans
  2 deep elf master archers (Elf:3)
  A deep elf blademaster (Elf:3)
  8 quicksilver dragons
  Asterion (Snake:1)
  8 death cobs
  A sphinx (shapeshifter) (Vaults:5)
  7 sphinxes
  2 tentacled starspawn (Abyss:2)
  Agnes (D:15)
  Kirke (D:15)
  A thorn hunter (Swamp:4)
  10 shadow dragons
  4 tengu reavers
  Donald (Swamp:2)
  The ghost of mcwallace the Wallflower, an adept VSFi of Uskayaw (Elf:2)
  3 draconian monks
  11 storm dragons
  3 fenstrider witches (Swamp:4)
  14 fire giants
  6 nagarajas
  Roxanne (Swamp:2)
  8 draconian knights
  An azure jelly (Elf:2)
  A ghost moth (Zot:4)
  Aizul (Snake:1)
  12 deep elf sorcerers
  8 frost giants
  Louise (Swamp:2)
  11 vault wardens
  3 iron dragons
  A juggernaut zombie (Abyss:2)
  4 draconian scorchers
  4 draconian shifters
  A ghoul (Swamp:4)
  2 deep elf elementalists (Elf:3)
  7 draconian stormcallers
  A balrug (Abyss:2)
  7 draconian annihilators
  16 very ugly things
  2 war gargoyles
  26 ironbound preservers
  A spriggan defender (Depths:2)
  A quicksilver ooze (Elf:2)
  6 ironbound thunderhulks
  18 stone giants
  9 deep elf demonologists (Elf:3)
  12 green draconians
  2 eleionomae
  A minotaur (Gauntlet)
  14 black draconians
  5 bunyips
  7 deep elf annihilators
  12 white draconians
  17 red draconians
  6 purple draconians
  8 spark wasps
  13 yellow draconians
  17 dire elephants
  15 ettins
  2 green deaths (Swamp:4)
  8 deep elf death magi
  13 yaktaur captains
  3 blizzard demons
  5 deep elf high priests
  5 great orbs of eyes
  A shambling mangrove (Swamp:3)
  5 boulder beetles
  15 hydras
  12 ironbound frosthearts
  5 fire dragons
  2 salamander tyrants
  35 vault guards
  9 ice dragons
  6 rakshasas
  2 spriggan air magi (Depths:4)
  A hell beast (D:15)
  5 centaur warriors
  3 ogre magi
  2 peacekeepers
  3 catoblepae
  A two-headed ogre (shapeshifter) (Depths:1)
  4 two-headed ogres
  30 dancing weapons
  19 naga warriors
  10 tengu warriors
  5 deep troll shamans
  11 anacondas
  9 alligators
  4 vampire magi
  6 deep troll earth magi
  17 death yaks
  8 naga sharpshooters
  4 orc high priests
  2 thrashing horrors (Abyss:2)
  6 spriggan berserkers
  21 hell knights
  3 soul eaters (Swamp:4)
  12 shock serpents
  7 skeletal warriors (D:15)
  20 deep elf knights
  5 anaconda zombies (Snake:1)
  A spatial maelstrom (Abyss:2)
  6 spriggan druids
  2 salamander mystics
  An obsidian statue (Zot:4)
  A flayed ghost (Depths:1)
  4 spectral anacondas (Snake:1)
  11 swamp dragons
  2 iron trolls
  5 goliath frogs
  2 sea snakes
  38 deep trolls
  A bog body (Swamp:1)
  2 glowing orange brains
  4 naga ritualists
  A swamp dragon (shapeshifter) (Elf:2)
  A sea snake (shapeshifter) (Vaults:5)
  6 phantasmal warriors
  11 deep elf archers
  22 deep elf zephyrmancers
  29 ironbound convokers
  11 necromancers
  Pikel (D:5)
  2 anaconda skeletons (Snake:1)
  8 wizards
  39 deep elf pyromancers
  A harpy (shapeshifter) (Abyss:2)
  8 orc knights
  7 lindwurms
  11 mana vipers
  12 ugly things
  An oklob plant (Lair:2)
  9 orc sorcerers
  A shining eye (shapeshifter) (Vaults:5)
  2 will-o-the-wisps (Swamp:3)
  A worldbinder (Abyss:2)
  4 cyclopes
  3 manticores
  A shining eye (Elf:2)
  A moth of wrath (shapeshifter) (Vaults:5)
  37 moths of wrath
  36 black mambas
  26 naga magi
  13 elephants
  6 guardian serpents
  13 salamanders
  4 frost giant skeletons
  A black mamba (shapeshifter) (D:14)
  14 vault sentinels
  3 eyes of devastation (Elf:2)
  2 torpor snails (Lair:5)
  A gargoyle (D:11)
  A spriggan zombie (D:15)
  3 smoke demons (Abyss:2)
  15 cane toads
  A hellion (D:11)
  Maggie (D:7)
  3 freezing wraiths
  3 unseen horrors
  7 rime drakes
  17 yaktaurs
  A kobold demonologist (D:13)
  A tormentor (D:11)
  5 tengu conjurers
  An efreet (D:15)
  11 komodo dragons
  3 hellwings
  5 anaconda simulacra (Snake:1)
  3 ancient zymes (Abyss:2)
  6 trolls
  A spriggan skeleton (D:15)
  11 polar bears
  A tengu simulacrum (Depths:2)
  11 tyrant leeches
  A hornet (shapeshifter) (Elf:3)
  9 hornets
  25 blink frogs
  A blink frog (shapeshifter) (D:13)
  A dream sheep (shapeshifter) (Vaults:5)
  14 dream sheep
  4 raiju (Lair:5)
  A harpy skeleton (Abyss:2)
  6 large abominations (Abyss:2)
  13 slime creatures
  3 wraiths
  5 wyverns
  8 spriggans
  8 shadows
  A spriggan (shapeshifter) (Vaults:5)
  6 water elementals
  A yak (shapeshifter) (Vaults:1)
  3 ynoxinuls (Abyss:2)
  2 air elementals
  19 humans (D:14)
  A vampire (D:12)
  A chaos spawn (Swamp:4)
  32 yaks
  5 hogs (D:15)
  4 steam dragons
  Eustachio (D:4)
  10 basilisks
  3 neqoxecs
  8 fire elementals
  18 vampire mosquitoes
  Grum (D:11)
  7 wargs
  A glowing shapeshifter zombie (D:15)
  8 redbacks (Depths:3)
  54 nagas
  22 swamp worms
  2 acid dragons
  10 small abominations (Abyss:2)
  13 hell hounds (Lair:5)
  2 hydra simulacra (Zot:1)
  20 water moccasins
  2 floating eyes (Depths:2)
  2 swamp drakes
  15 black bears
  32 orc warriors
  6 sky beasts
  A spriggan simulacrum (Depths:2)
  An ice beast (D:8)
  A hornet zombie (D:8)
  6 ogres
  23 wolves
  12 centaurs
  A boggart (Elf:1)
  2 lemures (D:4)
  A phantom (D:6)
  2 kobold brigands
  3 gnoll sergeants
  Blork the orc (D:5)
  16 bullfrogs
  2 scorpions (D:5)
  A necrophage (D:8)
  4 earth elementals
  10 wights
  A hornet simulacrum (D:15)
  9 killer bees
  2 electric eels
  10 howler monkeys
  A quasit (Abyss:2)
  2 jellies
  A gnoll bouda (D:7)
  4 hounds
  Crazy Yiuf (D:6)
  19 orc priests
  Jessica (D:2)
  Terence (D:2)
  5 iguanas
  29 orc wizards
  A howler monkey zombie (D:8)
  15 gnolls
  15 adders
  6 river rats (Sewer)
  5 shadow imps
  4 white imps
  An ufetubus (D:5)
  5 worms
  3 dart slugs
  63 orcs
  7 endoplasms
  13 giant cockroaches
  3 hobgoblins
  6 jackals
  11 kobolds
  11 quokkas
  8 ball pythons
  11 bats
  6 frilled lizards
  11 goblins
  4 rats
  A lurking horror (Abyss:2)
  2 starspawn tentacles (Abyss:2)
2155 creatures vanquished.

Vanquished Creatures (collateral kills)
  A vault warden (Vaults:5)
  An ironbound preserver (Vaults:5)
  2 vault sentinels (Vaults:5)
4 creatures vanquished.

Vanquished Creatures (others)
  A blizzard demon (D:15)
  A dancing weapon (Elf:2)
  A goliath frog (Swamp:2)
  2 deep elf pyromancers
  A deep elf archer (Elf:2)
  A black mamba (Snake:3)
  An orange demon (Swamp:4)
  2 bloated husks (Swamp:2)
  An air elemental (Elf:2)
  2 humans (D:15)
  A vampire mosquito (Swamp:2)
  A warg (Vaults:5)
  An orc priest (Orc:2)
  An orc wizard (D:9)
  An orc (Orc:1)
  A quokka (D:14)
  10 foxfires (Swamp:3)
  26 fungi
  88 plants
  2 starspawn tentacles (Abyss:2)
145 creatures vanquished.

Grand Total: 2304 creatures vanquished

Notes
Turn   | Place    | Note
-------+----------+-------------------------------------------
     0 | D:1      | siradein the Ogre Fighter began the quest for the Orb.
     0 | D:1      | Reached XP level 1. HP: 24/24 MP: 1/1
   141 | D:1      | You fall into a shaft and drop 1 floor!
   227 | D:1      | Reached XP level 2. HP: 32/32 MP: 2/2
   740 | D:2      | Reached XP level 3. HP: 32/40 MP: 3/3
  1137 | D:2      | Found a shimmering altar of Xom.
  1299 | D:2      | Noticed Jessica
  1333 | D:2      | Killed Jessica
  1334 | D:2      | Reached skill level 5 in Fighting
  1334 | D:2      | Reached XP level 4. HP: 6/50 MP: 4/4
  1824 | D:2      | Noticed Terence
  1833 | D:2      | Killed Terence
  2128 | D:2      | Reached XP level 5. HP: 53/57 MP: 5/5
  2692 | D:3      | Found a broken altar of Ashenzari.
  2811 | D:4      | Noticed a kobold brigand
  2833 | D:4      | Killed a kobold brigand
  2863 | D:4      | Reached XP level 6. HP: 60/67 MP: 6/6
  2870 | D:4      | Found a glowing drain.
  2897 | Sewer    | Entered a sewer
  3050 | Sewer    | Reached skill level 6 in Fighting
  3311 | Sewer    | Reached skill level 5 in Maces & Flails
  4064 | Sewer    | Gained mutation: You have sharp toenails. [potion of
                  | mutation]
  4064 | Sewer    | Gained mutation: Armour fits poorly on your strangely
                  | shaped body. [potion of mutation]
  4064 | Sewer    | Gained mutation: Your system is resistant to poisons.
                  | (rPois) [potion of mutation]
  4064 | Sewer    | Gained mutation: You are agile. (Dex +4, Str/Int -1)
                  | [potion of mutation]
  4830 | D:4      | Reached XP level 7. HP: 59/76 MP: 5/7
  5096 | D:4      | Found a glowing silver altar of Zin.
  5307 | D:4      | Reached skill level 7 in Fighting
  5425 | D:4      | Found a stormy altar of Qazlal.
  5425 | D:4      | Found an iron altar of Okawaru.
  5701 | D:4      | Identified the amulet of Tidir {RegenMP rPois Slay+2}
  5787 | D:5      | Entered Level 5 of the Dungeon
  6433 | D:5      | Reached XP level 8. HP: 51/88 MP: 8/8
  6870 | D:5      | Reached skill level 1 in Throwing
  6938 | D:5      | Noticed Pikel
  7241 | D:5      | Noticed Blork the orc
  7246 | D:5      | Killed Blork the orc
  7535 | D:5      | Noticed Eustachio
  7878 | D:4      | Killed Eustachio
  7879 | D:4      | Reached skill level 8 in Fighting
  8311 | D:6      | Found a staircase to the Ecumenical Temple.
  8336 | Temple   | Entered the Ecumenical Temple
  8610 | Temple   | Became a worshipper of Trog the Wrathful
  8981 | D:6      | Reached XP level 9. HP: 67/97 MP: 9/9
  9185 | D:6      | Found a runed translucent door.
  9186 | D:6      | Noticed Crazy Yiuf
  9474 | D:6      | Killed Crazy Yiuf
  9526 | D:7      | Found a flagged portal.
  9574 | Bailey   | Entered a bailey
  9808 | Bailey   | Noticed an orc knight
 10249 | Bailey   | Identified the -1 helmet "Pamirr" {Contam rElec Will+++
                  | Str-5}
 10274 | D:7      | Lost mutation: Armour fits poorly on your strangely shaped
                  | body. [potion of mutation]
 10274 | D:7      | Lost mutation: You are agile. (Dex +4, Str/Int -1) [potion
                  | of mutation]
 10274 | D:7      | Gained mutation: Your skin changes colour to match your
                  | surroundings (Stealth+). [potion of mutation]
 10274 | D:7      | Gained mutation: You are robust. (+10% HP) [potion of
                  | mutation]
 10994 | D:5      | Killed Pikel
 10995 | D:5      | Reached skill level 9 in Fighting
 10995 | D:5      | Reached skill level 1 in Armour
 11316 | D:7      | Reached skill level 5 in Shields
 11323 | D:7      | Reached * piety under Trog
 11453 | D:7      | Reached XP level 10. HP: 71/116 MP: 10/10
 11796 | D:7      | Noticed a white ugly thing
 11803 | D:7      | Killed a white ugly thing
 11807 | D:7      | Reached skill level 5 in Dodging
 11993 | D:7      | Noticed Maggie
 12037 | D:7      | Killed Maggie
 12738 | D:8      | Reached skill level 10 in Fighting
 12856 | D:8      | Found a shimmering blue altar of Sif Muna.
 13081 | D:8      | Noticed a death yak
 13081 | D:8      | Noticed a death yak
 13081 | D:8      | Noticed a death yak
 13082 | D:8      | Noticed a death yak
 13083 | D:8      | Noticed a death yak
 13118 | D:8      | Noticed a death yak
 13131 | D:8      | Killed a death yak
 13132 | D:8      | Reached skill level 5 in Throwing
 13272 | D:8      | Identified the +0 pair of gloves of the Mantidfly {Harm
                  | Int-4 SInv}
 13275 | D:8      | Found a staircase to the Lair.
 13529 | D:8      | Found a basalt altar of Yredelemnul.
 13572 | D:8      | Found Qoploapt's Antique Armour Emporium.
 13613 | D:8      | Reached XP level 11. HP: 130/130 MP: 11/11
 13661 | D:8      | Reached ** piety under Trog
 13688 | D:7      | Killed a death yak
 13689 | D:7      | Reached skill level 10 in Maces & Flails
 14803 | D:9      | Identified the amulet "Peuqudd" {Reflect Str+6 SH+5}
 14834 | D:9      | Noticed a two-headed ogre
 14864 | D:9      | Killed a two-headed ogre
 14869 | D:9      | Reached skill level 11 in Fighting
 15102 | D:9      | Noticed a cyclops
 15108 | D:9      | Killed a cyclops
 15574 | D:9      | Found a burning altar of Makhleb.
 15574 | D:9      | Noticed a green death
 15659 | D:9      | Found a shadowy altar of Dithmenos.
 15800 | D:10     | Entered Level 10 of the Dungeon
 15988 | D:10     | Found Bylasegi's Weapon Shop.
 16002 | D:10     | Reached *** piety under Trog
 16458 | D:10     | Found an opulent altar of Gozag.
 16591 | D:11     | Noticed a manticore
 16592 | D:11     | Noticed a boulder beetle
 16598 | D:11     | Killed a manticore
 16599 | D:11     | Reached XP level 12. HP: 140/143 MP: 12/12
 16609 | D:11     | Killed a boulder beetle
 16630 | D:11     | Found a gate leading to a gauntlet.
 16645 | Gauntlet | Entered a Gauntlet
 16645 | Gauntlet | Found a transporter.
 16645 | Gauntlet | Found a transporter.
 16802 | Gauntlet | Found a transporter.
 16802 | Gauntlet | Found a transporter.
 16805 | Gauntlet | Noticed a death yak
 16807 | Gauntlet | Noticed a death yak
 16807 | Gauntlet | Noticed a death yak
 16808 | Gauntlet | Noticed a death yak
 16810 | Gauntlet | Noticed a death yak
 16816 | Gauntlet | Found a transporter.
 16830 | Gauntlet | Found a transporter.
 16834 | Gauntlet | Noticed a blizzard demon
 16836 | Gauntlet | Found a transporter.
 16836 | Gauntlet | Found a transporter.
 16860 | Gauntlet | Found a transporter.
 16867 | Gauntlet | Found a transporter.
 16879 | Gauntlet | Found a transporter.
 16899 | Gauntlet | Found a transporter.
 16932 | Gauntlet | Found a transporter.
 16950 | Gauntlet | Found a transporter.
 17050 | Gauntlet | Found a transporter.
 17053 | Gauntlet | Noticed a blizzard demon
 17072 | Gauntlet | Found a transporter.
 17310 | Gauntlet | Identified the +1 leather armour "Utoiwu" {Contam Harm
                  | Str+8}
 17367 | Gauntlet | Killed a blizzard demon
 17430 | Gauntlet | Found the +8 Wrath of Trog {antimagic, *Rage Rampage}
 17430 | Gauntlet | Identified the ring "Xitwahor" {Fire Will+ Str+2}
 17430 | Gauntlet | Noticed a minotaur
 17438 | Gauntlet | Killed a minotaur
 17439 | Gauntlet | Reached skill level 5 in Armour
 17451 | Gauntlet | Identified the +2 robe of Resonance {Dex+6}
 17552 | D:11     | Noticed Grum
 17561 | D:11     | Killed Grum
 17562 | D:11     | Reached skill level 12 in Fighting
 17754 | D:11     | Noticed a two-headed ogre
 17757 | D:11     | Killed a two-headed ogre
 18291 | Lair:1   | Entered Level 1 of the Lair of Beasts
 18439 | D:8      | Found Qoploapt's Antique Armour Emporium.
 18489 | D:8      | Killed a death yak
 18494 | D:8      | Killed a death yak
 18503 | D:8      | Killed a death yak
 18514 | D:8      | Killed a death yak
 18772 | D:8      | Found a shimmering blue altar of Sif Muna.
 19067 | D:8      | Found a basalt altar of Yredelemnul.
 19307 | Lair:1   | Reached skill level 13 in Fighting
 19341 | Lair:1   | Reached **** piety under Trog
 19346 | Lair:1   | Reached XP level 13. HP: 158/158 MP: 13/13
 19350 | Lair:1   | You fall into a shaft and drop 1 floor!
 19966 | Lair:1   | Identified a scroll of acquirement
 20180 | Lair:1   | Acquired the +4 tower shield of the Everdark {rC- Str+5
                  | Int-5 Dex+9}
 20382 | Lair:2   | Reached skill level 14 in Fighting
 20408 | Lair:2   | Reached ***** piety under Trog
 21785 | Lair:3   | Found a staircase to the Swamp.
 21794 | Lair:3   | Reached XP level 14. HP: 148/172 MP: 14/14
 21927 | Lair:3   | Reached skill level 15 in Fighting
 21995 | Lair:3   | Found a staircase to the Snake Pit.
 22005 | Lair:3   | Identified the +4 dagger of Oenomania {vorpal, rPois rC+
                  | Dex+2} (Trog gifted it to you on level 3 of the Lair of
                  | Beasts)
 22005 | Lair:3   | Received a gift from Trog
 22404 | Lair:3   | Reached skill level 10 in Shields
 23242 | Lair:4   | Reached skill level 16 in Fighting
 23841 | Lair:5   | Entered Level 5 of the Lair of Beasts
 24707 | Lair:5   | Identified the +5 great mace "Leyhud" {vorpal, rF+ rN+}
                  | (Trog gifted it to you on level 5 of the Lair of Beasts)
 24707 | Lair:5   | Received a gift from Trog
 24887 | Lair:5   | Reached XP level 15. HP: 146/188 MP: 15/15
 25310 | Lair:5   | Reached skill level 17 in Fighting
 25508 | Lair:5   | Found a viscous altar of Jiyva.
 25508 | Lair:5   | Found a staircase to the Slime Pits.
 26060 | Lair:5   | Reached skill level 10 in Throwing
 26071 | Lair:5   | Received a gift from Trog
 26900 | D:12     | Found a staircase to the Orcish Mines.
 27111 | Orc:1    | Entered Level 1 of the Orcish Mines
 27197 | Orc:1    | Found Qisiz's Weapon Boutique.
 27474 | Orc:2    | Entered Level 2 of the Orcish Mines
 27486 | Orc:2    | Received a gift from Trog
 27507 | Orc:2    | Found Xuomi's Assorted Antiques.
 27636 | Orc:2    | Found Loivupue's Antique Armour Emporium.
 27636 | Orc:2    | Found a staircase to the Elven Halls.
 28073 | Orc:2    | Found Ofriynir's Armour Shop.
 28159 | Orc:2    | Found Ypruf's Antique Weapon Shop.
 28161 | Orc:2    | Reached ****** piety under Trog
 28608 | Orc:2    | Reached skill level 10 in Dodging
 28612 | Orc:2    | Reached skill level 18 in Fighting
 28726 | Orc:2    | Found Ziwok's Antique Weapon Shop.
 28727 | Orc:2    | Found Besm's Assorted Antiques.
 28727 | Orc:2    | Found Irrim's Antique Weapon Emporium.
 28737 | Orc:2    | Bought a scroll of identify for 50 gold pieces
 28901 | Orc:1    | Identified the +1 lajatang "Sainoaf" {vorpal, rN+ Will+
                  | Str+3} (Trog gifted it to you on level 1 of the Orcish
                  | Mines)
 28901 | Orc:1    | Received a gift from Trog
 29345 | D:13     | Reached XP level 16. HP: 127/200 MP: 16/16
 29996 | D:13     | Identified the +2 whip "Suxiuh" {vorpal, rF- rCorr Int+2
                  | SInv}
 30630 | D:14     | Found a white marble altar of Elyvilon.
 30973 | D:14     | Found a gate to the Vaults.
 31305 | D:15     | Entered Level 15 of the Dungeon
 31381 | D:15     | Noticed Kirke
 31454 | D:15     | Killed Kirke
 31533 | D:15     | Received a gift from Trog
 31565 | D:15     | Noticed Jorgrun
 31573 | D:15     | Killed Jorgrun
 31574 | D:15     | Reached skill level 19 in Fighting
 31645 | D:15     | Found a staircase to the Depths.
 31827 | D:15     | Noticed Agnes
 31841 | D:15     | Killed Agnes
 32021 | D:15     | Found a glowing golden altar of the Shining One.
 32604 | Snake:1  | Entered Level 1 of the Snake Pit
 32611 | Snake:1  | Noticed Aizul
 32619 | Snake:1  | Killed Aizul
 33123 | Snake:1  | Noticed Asterion
 33143 | Snake:1  | Killed Asterion
 33470 | Snake:1  | Found Ruytaef's Armour Shop.
 33751 | Snake:1  | Reached XP level 17. HP: 158/198 MP: 17/17
 34167 | Snake:1  | Noticed Mlioglotl
 34184 | Snake:1  | Killed Mlioglotl
 34219 | Snake:1  | Received a gift from Trog
 34778 | Snake:2  | Identified the +7 flail "Gesch" {vamp, Drain rF+ rN++}
 35017 | Snake:2  | Identified the +0 morningstar of Distant Worlds {freeze,
                  | MP+9 Dex+4}
 35460 | Snake:2  | Reached skill level 20 in Fighting
 36243 | Snake:3  | Received a gift from Trog
 36340 | Snake:3  | Reached skill level 15 in Shields
 36619 | Snake:3  | Found Fuducs's Weapon Shop.
 36657 | Snake:3  | Found Giboudarr's Distillery.
 36667 | Snake:3  | Bought a potion of curing for 36 gold pieces
 36667 | Snake:3  | Bought a potion of heal wounds for 60 gold pieces
 36667 | Snake:3  | Bought a potion of mutation for 96 gold pieces
 36667 | Snake:3  | Bought a potion of heal wounds for 60 gold pieces
 36667 | Snake:3  | Bought a potion of curing for 36 gold pieces
 36667 | Snake:3  | Bought a potion of haste for 120 gold pieces
 37399 | Snake:4  | Entered Level 4 of the Snake Pit
 37579 | Snake:4  | Reached XP level 18. HP: 223/232 MP: 18/18
 37815 | Snake:4  | Reached skill level 10 in Armour
 38034 | Snake:4  | Reached skill level 15 in Maces & Flails
 38120 | Snake:4  | Identified the +3 eveningstar "Xauho" {vorpal, rElec Will+
                  | Str+3 Dex-5} (Trog gifted it to you on level 4 of the Snake
                  | Pit)
 38120 | Snake:4  | Received a gift from Trog
 38300 | Snake:4  | Got a serpentine rune of Zot
 39336 | Snake:3  | Noticed Vashnia
 39614 | Snake:3  | Killed Vashnia
 39896 | Snake:3  | Identified the +7 chain mail "Iclaif" {Harm Str+7 Int-3
                  | SInv}
 40108 | Swamp:1  | Entered Level 1 of the Swamp
 41070 | Swamp:2  | Received a gift from Trog
 41281 | Swamp:2  | Noticed Louise
 41355 | Swamp:2  | Killed Louise
 41356 | Swamp:2  | Reached skill level 21 in Fighting
 41503 | Swamp:2  | Noticed Donald
 41503 | Swamp:2  | Identified Roxanne's Cyclopedia of the Quarry
 41503 | Swamp:2  | Noticed Roxanne
 41516 | Swamp:2  | Killed Donald
 41536 | Swamp:2  | Killed Roxanne
 41756 | Swamp:3  | Reached XP level 19. HP: 210/245 MP: 19/19
 42017 | Swamp:3  | Identified the +6 spear "Juciehud" {vorpal, Will++}
 42485 | Swamp:3  | Reached skill level 1 in Evocations
 42688 | Swamp:4  | Entered Level 4 of the Swamp
 42738 | Swamp:4  | Noticed a tentacled monstrosity
 42746 | Swamp:4  | Killed a tentacled monstrosity
 43178 | Swamp:4  | Received a gift from Trog
 43348 | Swamp:4  | Gained mutation: You sometimes lose your temper in combat.
                  | [a neqoxec]
 43581 | Swamp:4  | Lost mutation: You have sharp toenails. [potion of
                  | mutation]
 43581 | Swamp:4  | Lost mutation: You sometimes lose your temper in combat.
                  | [potion of mutation]
 43581 | Swamp:4  | Lost mutation: Your skin changes colour to match your
                  | surroundings (Stealth+). [potion of mutation]
 43581 | Swamp:4  | Gained mutation: Your spells are a little harder to cast,
                  | but a little more powerful. [potion of mutation]
 43581 | Swamp:4  | Gained mutation: You have very sharp teeth. [potion of
                  | mutation]
 43618 | Swamp:4  | Got a decaying rune of Zot
 44007 | Vaults:1 | Entered Level 1 of the Vaults
 44756 | Vaults:1 | Found Pirchoop's Jewellery Emporium.
 44973 | Vaults:1 | Received a gift from Trog
 45328 | Vaults:1 | Reached XP level 20. HP: 255/257 MP: 20/20
 45889 | Vaults:1 | Received a gift from Trog
 46112 | Vaults:2 | Found a staircase to the Crypt.
 46781 | Vaults:2 | Identified the +2 scimitar of Contradiction {spect, Str+2}
 47038 | Vaults:3 | Found Erocku Paelu's Book Emporium.
 47849 | Vaults:3 | Reached skill level 22 in Fighting
 48017 | Vaults:3 | Received a gift from Trog
 48334 | Vaults:3 | Reached skill level 5 in Evocations
 48542 | Vaults:3 | Reached XP level 21. HP: 255/269 MP: 21/21
 49179 | Vaults:4 | Received a gift from Trog
 49487 | Vaults:4 | Noticed Frederick
 49499 | Vaults:4 | Killed Frederick
 50130 | Vaults:4 | Found Onapp's Antique Armour Shop.
 51028 | Elf:1    | Entered Level 1 of the Elven Halls
 51055 | Elf:1    | Received a gift from Trog
 51089 | Elf:1    | Found Iwo Teb's Book Boutique.
 51120 | Elf:1    | Found Jibbe's Armour Shoppe.
 51152 | Elf:1    | Found Dadwudac's Armour Shop.
 51684 | Elf:1    | Found Uteg's Book Emporium.
 51888 | Elf:2    | Paralysed by an air elemental for 1 turns
 51904 | Elf:2    | Paralysed by an air elemental for 1 turns
 51911 | Elf:2    | Paralysed by an air elemental for 1 turns
 51915 | Elf:2    | Paralysed by an air elemental for 1 turns
 52214 | Elf:2    | Received a gift from Trog
 52273 | Abyss:2  | Cast into level 2 of the Abyss (a deep elf sorcerer)
 52532 | Abyss:2  | Gained mutation: You occasionally lose the ability to drink
                  | potions when taking damage. [a neqoxec]
 52547 | Abyss:2  | Gained mutation: Your magical capacity is low. (-10% MP) [a
                  | neqoxec]
 52717 | Abyss:2  | Gained mutation: You have hidden genetic defects. [a
                  | neqoxec]
 52769 | Elf:2    | Escaped the Abyss
 52796 | Elf:2    | Reached XP level 22. HP: 173/282 MP: 19/19
 52796 | Elf:2    | Lost mutation: Your spells are a little harder to cast, but
                  | a little more powerful. [potion of mutation]
 52796 | Elf:2    | Lost mutation: You are robust. (+10% HP) [potion of
                  | mutation]
 52796 | Elf:2    | Lost mutation: Your system is resistant to poisons. (rPois)
                  | [potion of mutation]
 52796 | Elf:2    | Gained mutation: You are dopey. (Int -2) [potion of
                  | mutation]
 52797 | Elf:2    | Lost mutation: You have very sharp teeth. [potion of
                  | mutation]
 52797 | Elf:2    | Lost mutation: Your magical capacity is low. (-10% MP)
                  | [potion of mutation]
 52797 | Elf:2    | Lost mutation: You occasionally lose the ability to drink
                  | potions when taking damage. [potion of mutation]
 52797 | Elf:2    | Gained mutation: Your flesh is heat resistant. (rF+)
                  | [potion of mutation]
 52797 | Elf:2    | Gained mutation: You are partially covered in large bone
                  | plates. (SH +4) [potion of mutation]
 52797 | Elf:2    | Gained mutation: Your flesh is very heat resistant. (rF++)
                  | [potion of mutation]
 52797 | Elf:2    | Gained mutation: Your system is resistant to poisons.
                  | (rPois) [potion of mutation]
 53107 | Elf:2    | Received a gift from Trog
 53114 | Elf:2    | Found a runed translucent gate.
 53114 | Elf:2    | Found a runed translucent gate.
 53114 | Elf:2    | Found a runed translucent gate.
 53116 | Elf:2    | Noticed mcwallace's ghost (adept VSFi)
 53119 | Elf:2    | Found a viscous altar of Jiyva.
 53139 | Elf:2    | Killed mcwallace's ghost
 53419 | Elf:2    | Reached skill level 15 in Throwing
 53421 | Elf:2    | Identified the +5 ring mail of the New World {rCorr Str+3}
 53671 | Elf:2    | Found a runed translucent gate.
 53672 | Elf:2    | Found a runed translucent gate.
 53672 | Elf:2    | Found a runed translucent gate.
 53709 | Elf:2    | Gained mutation: Your magical capacity is low. (-10% MP)
                  | [hidden defects]
 53958 | Elf:2    | Reached skill level 23 in Fighting
 54216 | Elf:2    | Lost mutation: You have hidden genetic defects. [potion of
                  | mutation]
 54216 | Elf:2    | Lost mutation: You are partially covered in large bone
                  | plates. (SH +4) [potion of mutation]
 54216 | Elf:2    | Lost mutation: Your flesh is very heat resistant. (rF++)
                  | [potion of mutation]
 54217 | Elf:2    | Lost mutation: Your magical capacity is low. (-10% MP)
                  | [potion of mutation]
 54217 | Elf:2    | Lost mutation: You are dopey. (Int -2) [potion of mutation]
 54217 | Elf:2    | Lost mutation: Your system is resistant to poisons. (rPois)
                  | [potion of mutation]
 54217 | Elf:2    | Gained mutation: You do not regenerate when monsters are
                  | visible. [potion of mutation]
 54217 | Elf:2    | Gained mutation: You have sharp fingernails. [potion of
                  | mutation]
 54217 | Elf:2    | Lost mutation: You do not regenerate when monsters are
                  | visible. [potion of mutation]
 54217 | Elf:2    | Gained mutation: You have large cloven feet. [potion of
                  | mutation]
 54269 | Elf:3    | Entered Level 3 of the Elven Halls
 54275 | Elf:3    | Found Hudohesh's Magic Scroll Shop.
 54286 | Elf:3    | Bought a scroll of magic mapping for 112 gold pieces
 54286 | Elf:3    | Bought a scroll of acquirement for 780 gold pieces
 54286 | Elf:3    | Bought a scroll of blinking for 112 gold pieces
 54286 | Elf:3    | Acquired the +3 hat of Pondering {ponderous, Will+ MP+10
                  | Int+5}
 54286 | Elf:3    | Found the +3 hat of Pondering {ponderous, Will+ MP+10
                  | Int+5}
 54361 | Elf:3    | Paralysed by an air elemental for 1 turns
 54467 | Elf:3    | Received a gift from Trog
 54774 | Elf:3    | Found Tapat's Jewellery Shop.
 54873 | Elf:3    | Found Onulieff's Weapon Shoppe.
 55326 | Elf:3    | HP: 9/366 [deep elf sorcerer/bolt of acid (42)]
 55331 | Elf:3    | HP: 3/245 [deep elf sorcerer/bolt of acid (31)]
 55946 | Elf:3    | Identified the +7 short sword "Niad" {drain, rElec Str-4
                  | Dex+3}
 55946 | Elf:3    | Identified the +11 flail "Meymun" {elec, rElec rPois rF-
                  | Str+10}
 55947 | Elf:3    | Paralysed by an air elemental for 1 turns
 55950 | Elf:3    | Paralysed by an air elemental for 1 turns
 56256 | Elf:3    | Gained mutation: You are frail. (-10% HP) [a cacodemon]
 56318 | Elf:3    | Lost mutation: You are frail. (-10% HP) [potion of
                  | mutation]
 56318 | Elf:3    | Lost mutation: You have sharp fingernails. [potion of
                  | mutation]
 56318 | Elf:3    | Lost mutation: You have large cloven feet. [potion of
                  | mutation]
 56318 | Elf:3    | Gained mutation: You have sharp toenails. [potion of
                  | mutation]
 56325 | Elf:3    | Received a gift from Trog
 56775 | Elf:3    | Identified the ring of Riuc Wuu {rPois rC++ Dex-2 SInv}
 56927 | Elf:3    | Identified the +2 robe of Zin's Hope {rC+ Str-4 Dex+2}
 57194 | Elf:3    | Identified the +1 flail of Golden Fortitude {flame, rElec
                  | rPois Dex+6}
 57471 | Orc:2    | Bought a scroll of fear for 96 gold pieces
 57471 | Orc:2    | Bought a potion of ambrosia for 192 gold pieces
 57471 | Orc:2    | Bought a potion of curing for 72 gold pieces
 57471 | Orc:2    | Bought a potion of curing for 72 gold pieces
 57553 | Orc:2    | Bought a scroll of fear for 100 gold pieces
 57553 | Orc:2    | Bought a potion of curing for 75 gold pieces
 58075 | Elf:3    | Bought a scroll of silence for 142 gold pieces
 58301 | Depths:1 | Entered Level 1 of the Depths
 58431 | Depths:1 | Noticed a juggernaut
 58433 | Depths:1 | Noticed a juggernaut
 58447 | Depths:1 | Killed a juggernaut
 58452 | Depths:1 | Killed a juggernaut
 58453 | Depths:1 | Reached XP level 23. HP: 224/269 MP: 23/23
 58783 | Depths:1 | Found a one-way gate to the infinite horrors of the Abyss.
 58789 | Depths:1 | Found a runed translucent door.
 58910 | Depths:1 | Found Hufeimeo's Magic Scroll Shop.
 58912 | Depths:1 | Found Seiwa's Jewellery Boutique.
 58915 | Depths:1 | Found Wiov Xigg's General Store.
 58919 | Depths:1 | Bought a scroll of teleportation for 36 gold pieces
 58919 | Depths:1 | Bought a scroll of teleportation for 36 gold pieces
 58919 | Depths:1 | Bought a scroll of teleportation for 36 gold pieces
 58919 | Depths:1 | Bought a scroll of enchant armour for 90 gold pieces
 58924 | Depths:1 | Bought a potion of heal wounds for 85 gold pieces
 58942 | Depths:1 | Found a one-way gateway to a ziggurat.
 59207 | Depths:1 | Found a gateway to Hell.
 59507 | Depths:1 | Identified the +2 pair of gloves "Koimeast" {Harm Dex+6
                  | SInv}
 59510 | Depths:1 | Identified the +6 battleaxe of Grand Tender Mercy {vorpal,
                  | Int+3}
 60008 | Orc:2    | Bought a scroll of brand weapon for 237 gold pieces
 60009 | Orc:2    | Bought a wand of iceblast (3) for 180 gold pieces
 60009 | Orc:2    | Bought a wand of iceblast (4) for 240 gold pieces
 60401 | Depths:1 | Received a gift from Trog
 60730 | Depths:2 | Found Rawaut's General Store.
 60792 | Depths:2 | Bought a scroll of teleportation for 63 gold pieces
 60792 | Depths:2 | Bought a potion of curing for 63 gold pieces
 60792 | Depths:2 | Bought a potion of might for 84 gold pieces
 60795 | Depths:2 | Found a one-way gate leading to the halls of Pandemonium.
 61136 | Depths:2 | Found a portal to a secret trove of treasure.
 61236 | Depths:2 | Found Cischeeri's Vocational Training.
 61263 | Depths:2 | Bought a manual of Evocations for 1600 gold pieces
 62270 | Depths:2 | Reached skill level 15 in Dodging
 62288 | Depths:2 | Reached skill level 24 in Fighting
 62329 | Depths:2 | Received a gift from Trog
 62332 | Depths:2 | Paralysed by a floating eye for 4 turns
 62978 | Depths:3 | Found Uliuruq's Distillery.
 62987 | Depths:3 | Bought a potion of curing for 42 gold pieces
 62987 | Depths:3 | Bought a potion of haste for 140 gold pieces
 62987 | Depths:3 | Bought 2 potions of haste for 280 gold pieces
 63048 | Depths:3 | Noticed a golden dragon
 63103 | Depths:3 | Killed a golden dragon
 63441 | Depths:3 | Found a radiant altar of Vehumet.
 63596 | Depths:3 | Found Fewaq's Distillery.
 63604 | Depths:3 | Bought a potion of heal wounds for 60 gold pieces
 63731 | Depths:3 | Found Omim's Jewellery Boutique.
 63861 | Depths:3 | Found Maedekef's General Store.
 63883 | Depths:3 | Reached XP level 24. HP: 282/282 MP: 23/23
 63947 | Depths:3 | You fall into a shaft and drop 1 floor!
 63947 | Depths:4 | Entered Level 4 of the Depths
 63947 | Depths:4 | Noticed a caustic shrike
 63947 | Depths:4 | Noticed a caustic shrike
 63947 | Depths:4 | Noticed a caustic shrike
 63957 | Depths:4 | Killed a caustic shrike
 63964 | Depths:4 | Killed a caustic shrike
 63969 | Depths:4 | Killed a caustic shrike
 64022 | Depths:4 | Noticed a juggernaut
 64031 | Depths:4 | Killed a juggernaut
 64036 | Depths:4 | Noticed a caustic shrike
 64038 | Depths:4 | Noticed a caustic shrike
 64042 | Depths:4 | Noticed a caustic shrike
 64043 | Depths:4 | Killed a caustic shrike
 64048 | Depths:4 | Noticed a caustic shrike
 64057 | Depths:4 | Killed a caustic shrike
 64057 | Depths:4 | Noticed a caustic shrike
 64063 | Depths:4 | Killed a caustic shrike
 64074 | Depths:4 | Killed a caustic shrike
 64077 | Depths:4 | Killed a caustic shrike
 64088 | Depths:4 | Received a gift from Trog
 64089 | Depths:4 | Reached skill level 10 in Evocations
 64264 | Depths:4 | Found a bloodstained altar of Trog.
 65367 | Depths:4 | Found a gate to the Realm of Zot.
 65694 | Depths:3 | Found Qocodaesch's Book Shoppe.
 65812 | Depths:3 | Identified the +11 crystal plate armour "Heuqae" {rN+
                  | Slay+5}
 66146 | Vaults:5 | Entered Level 5 of the Vaults
 66156 | Vaults:5 | Received a gift from Trog
 66470 | Vaults:5 | Identified the +2 spear of Ziedeghic {distort, rF+ rCorr}
 66905 | Vaults:5 | Received a gift from Trog
 67139 | Vaults:5 | Identified the +5 hand axe of Cheibriados's Respect {drain,
                  | rF- Will++ rCorr Int+2}
 67166 | Vaults:5 | Reached XP level 25. HP: 276/276 MP: 23/23
 67178 | Vaults:5 | Reached skill level 25 in Fighting
 67298 | Vaults:5 | Noticed a dread lich
 67403 | Vaults:5 | Killed a dread lich
 67432 | Vaults:5 | Received a gift from Trog
 67915 | Vaults:5 | Got a silver rune of Zot
 68850 | Zot:1    | Entered Level 1 of the Realm of Zot
 69051 | Zot:1    | Found a transporter.
 69051 | Zot:1    | Noticed Ytolar's ghost (legendary DsFi)
 69056 | Zot:1    | Found a transporter.
 69632 | Zot:1    | Noticed a shard shrike
 69653 | Zot:1    | Killed a shard shrike
 70219 | Depths:3 | Bought a potion of curing for 36 gold pieces
 70219 | Depths:3 | Bought a potion of heal wounds for 60 gold pieces
 70219 | Depths:3 | Bought a potion of mutation for 96 gold pieces
 70219 | Depths:3 | Bought a potion of mutation for 96 gold pieces
 70219 | Depths:3 | Bought a potion of curing for 36 gold pieces
 70267 | Depths:3 | Bought a scroll of fear for 80 gold pieces
 70267 | Depths:3 | Bought a potion of heal wounds for 100 gold pieces
 71350 | Zot:1    | Killed Ytolar's ghost
 71635 | Zot:1    | Identified the amulet "Logeruca" {Reflect rF+ Str-2 SH+5
                  | SInv Stlth+}
 73221 | Zot:1    | Reached skill level 26 in Fighting
 73585 | Zot:2    | Identified the +0 demon whip of Aczoras {flame, rC+ Will+
                  | Str+4} (Trog gifted it to you on level 2 of the Realm of
                  | Zot)
 73585 | Zot:2    | Received a gift from Trog
 73618 | Zot:2    | Reached XP level 26. HP: 275/312 MP: 23/23
 73636 | Zot:2    | Noticed an orb of fire
 73643 | Zot:2    | Gained mutation: Your spells are a little easier to cast,
                  | but a little less powerful. [an orb of fire]
 73647 | Zot:2    | Killed an orb of fire
 73766 | Zot:2    | Reached skill level 27 in Fighting
 75192 | Zot:3    | You fall into a shaft and drop 1 floor!
 75192 | Zot:4    | Found a transporter.
 75207 | Zot:4    | Identified the ring of the Republic {Fly rC+ rCorr Str-5
                  | Int+8}
 75209 | Zot:4    | Found a transporter.
 76572 | Zot:4    | Reached skill level 15 in Armour
 76577 | Zot:4    | Noticed an orb of fire
 76580 | Zot:4    | Gained mutation: You are clumsy. (Dex -2) [an orb of fire]
 76588 | Zot:4    | Gained mutation: You sometimes lose your temper in combat.
                  | [an orb of fire]
 76594 | Zot:4    | Killed an orb of fire
 76678 | Zot:4    | Lost mutation: You have sharp toenails. [potion of
                  | mutation]
 76678 | Zot:4    | Lost mutation: You are clumsy. (Dex -2) [potion of
                  | mutation]
 76678 | Zot:4    | Lost mutation: Your spells are a little easier to cast, but
                  | a little less powerful. [potion of mutation]
 76678 | Zot:4    | Lost mutation: Your flesh is heat resistant. (rF+) [potion
                  | of mutation]
 76678 | Zot:4    | Gained mutation: Your muscles are strong. (Str +4, Int/Dex
                  | -1) [potion of mutation]
 76679 | Zot:4    | Lost mutation: Your muscles are strong. (Str +4, Int/Dex
                  | -1) [potion of mutation]
 76679 | Zot:4    | Lost mutation: You sometimes lose your temper in combat.
                  | [potion of mutation]
 76679 | Zot:4    | Gained mutation: You have a beak for a mouth. [potion of
                  | mutation]
 76679 | Zot:4    | Gained mutation: You sometimes lose your temper in combat.
                  | [potion of mutation]
 76680 | Zot:4    | Lost mutation: You have a beak for a mouth. [potion of
                  | mutation]
 76680 | Zot:4    | Lost mutation: You sometimes lose your temper in combat.
                  | [potion of mutation]
 76680 | Zot:4    | Gained mutation: Your spells are a little harder to cast,
                  | but a little more powerful. [potion of mutation]
 76680 | Zot:4    | Gained mutation: Your system is resistant to poisons.
                  | (rPois) [potion of mutation]
 76680 | Zot:4    | Gained mutation: You have a pair of small horns on your
                  | head. [potion of mutation]
 76972 | Zot:4    | Received a gift from Trog
 78184 | Zot:4    | Found a transporter.
 78190 | Zot:4    | Found a transporter.
 78191 | Zot:4    | Found a transporter.
 78283 | Zot:4    | Found a transporter.
 78618 | Zot:5    | Entered Level 5 of the Realm of Zot
 80259 | Zot:5    | Noticed a dread lich
 80261 | Zot:5    | Noticed a Killer Klown
 80272 | Zot:5    | Killed a dread lich
 80280 | Zot:5    | Killed a Killer Klown
 80382 | Zot:5    | Noticed an orb of fire
 80386 | Zot:5    | Killed an orb of fire
 80386 | Zot:5    | Received a gift from Trog
 80387 | Zot:5    | Reached XP level 27. HP: 323/323 MP: 23/23
 80389 | Zot:5    | Noticed a dread lich
 80542 | Zot:5    | Killed a dread lich
 80839 | Zot:5    | Noticed an orb of fire
 80845 | Zot:5    | Gained mutation: You occasionally lose the ability to read
                  | scrolls when taking damage. [an orb of fire]
 80849 | Zot:5    | Killed an orb of fire
 80850 | Zot:5    | Lost mutation: You have a pair of small horns on your head.
                  | [potion of mutation]
 80850 | Zot:5    | Lost mutation: You occasionally lose the ability to read
                  | scrolls when taking damage. [potion of mutation]
 80850 | Zot:5    | Lost mutation: Your system is resistant to poisons. (rPois)
                  | [potion of mutation]
 80850 | Zot:5    | Gained mutation: You expend magic power (3 MP) to
                  | strengthen your wands. [potion of mutation]
 80850 | Zot:5    | Gained mutation: You are partially covered in iridescent
                  | scales. (AC +2) [potion of mutation]
 81346 | Zot:5    | Noticed an orb of fire
 81350 | Zot:5    | Noticed an orb of fire
 81352 | Zot:5    | Gained mutation: You sometimes lose your temper in combat.
                  | [an orb of fire]
 81353 | Zot:5    | Noticed an orb of fire
 81360 | Zot:5    | Gained mutation: You occasionally shout uncontrollably at
                  | your foes. [an orb of fire]
 81363 | Zot:5    | Gained mutation: Your body sometimes deteriorates upon
                  | taking damage. [an orb of fire]
 81363 | Zot:5    | Gained mutation: You are weak. (Str -2) [an orb of fire]
 81364 | Zot:5    | Killed an orb of fire
 81722 | Zot:5    | Killed an orb of fire
 81724 | Zot:5    | Lost mutation: You occasionally shout uncontrollably at
                  | your foes. [potion of mutation]
 81724 | Zot:5    | Lost mutation: You sometimes lose your temper in combat.
                  | [potion of mutation]
 81724 | Zot:5    | Lost mutation: Your body sometimes deteriorates upon taking
                  | damage. [potion of mutation]
 81724 | Zot:5    | Lost mutation: Your spells are a little harder to cast, but
                  | a little more powerful. [potion of mutation]
 81725 | Zot:5    | Got the Orb of Zot
 81739 | Zot:5    | Gained mutation: You are agile. (Dex +4, Str/Int -1) [an
                  | orb of fire]
 81775 | Zot:5    | Killed an orb of fire
 82283 | D:8      | Noticed Gepacie the pandemonium lord
 82424 | D:1      | Noticed Dobothru the pandemonium lord
 82448 | D:$      | Escaped with the Orb!

Illustrated notes

Levels and vault maps discovered:
D:1:      dpeg_arrival_simpleton_b, layout_rooms
D:2:      layout_loops_ring, basic_altar, minmay_tetromino_o4, uniq_terence,
          uniq_jessica
D:3:      layout_loops_ring, mainiacjoe_overflow_six_doors_small,
          serial_park_tiny_pond
D:4:      layout_gridville, zin_statuary, nicolae_overflow_two_pavilions,
          gup_sewer_entry_pipe, dreamdust_wishing_well, chequers_garden,
          serial_bayou_crossing
D:5:      layout_basic, uniq_pikel, uniq_blork_the_orc, uniq_eustachio
D:6:      layout_loops_ring, minmay_temple_entry_mini_moons,
          uniq_crazy_yiuf_cottage
D:7:      nzn_winding_woodlands_stair_cross
          [nzn_winding_woodlands_5x15_lazy_stream,
          nzn_winding_woodlands_center_lodge, nzn_winding_woodlands_5x15_garden,
          nzn_winding_woodlands_hourglass, nzn_winding_woodlands_5x5_open_star,
          nzn_winding_woodlands_5x15_eye, nzn_winding_woodlands_center_diamonds,
          nzn_winding_woodlands_5x15_split_checker], layout_loops_ring,
          enter_bailey_5, palyth_stone_intersect, uniq_maggie
D:8:      layout_cave_pods, nicolae_overflow_crystal_walls,
          lemuel_zombie_altar_yredelemnul, dpeg_lair_monsters, serial_shops,
          shop_statue
D:9:      minmay_imperfect_grid, layout_basic,
          nicolae_dithmenos_through_a_glass_darkly, makhleb_altar_promises_db
D:10:     layout_loops_ring, mainiacjoe_overflow_alcove_4, serial_shops, shop
D:11:     layout_irregular_city, gauntlet_entry_generic, uniq_grum
D:12:     layout_cross, orc_0_dummy
D:13:     layout_long_grid, hangedman_abyss_or_decor_passed, grunt_ogre_cave
D:14:     layout_roguey, grunt_vaults_entry_tiered, elyvilon_altar_4
D:15:     gammafunk_depths_entry_grave, layout_loops_ring,
          nicolae_tso_carved_into_rock, uniq_kirke, uniq_jorgrun, uniq_agnes
Temple:   oiseaux_autumnal_temple
Lair:1:   layout_loops_ring, grunt_megastairs_2, lemuel_fruit_tree
Lair:2:   layout_regular_city, guppyfry_lair_drakes, infiniplex_staircase_pool,
          grunt_megastairs_3
Lair:3:   layout_regular_city, palyth_hydra_swamp_entry,
          guppyfry_snake_entry_island, beast_lair_carwin_2, grunt_megastairs_1,
          infiniplex_staircase_pool_2
Lair:4:   layout_gridlike, grunt_megastairs_4
Lair:5:   hangedman_lair_in_review, layout_regular_city,
          hangedman_lair_caniforms_friends, slime_entry_1
Swamp:1:  layout_falls_marsh, nicolae_swamp_fairy_circle
Swamp:2:  layout_falls_marsh, evilmike_swamp_ruin_house_2,
          nicolae_swamp_well_well_well, uniq_donald, uniq_roxanne, uniq_louise
Swamp:3:  layout_basic_swamp, evilmike_swamp_ruin_house_1
Swamp:4:  nzn_swamp_witches_coven, layout_basic_swamp
Snake:1:  layout_onion, serial_shops, nicolae_diamond_shop,
          nicolae_snake_dead_anacondas, serial_bayou_shore_b, uniq_asterion,
          uniq_mlioglotl, uniq_aizul
Snake:2:  layout_grid_maze
Snake:3:  nicolae_snake_attic_fulla_snakes, layout_rooms, serial_shops,
          nicolae_shop_bloodbath_and_beyond, shop, st_stairs_3, drop_trap,
          nicolae_snake_gridmaze_spiral, uniq_vashnia
Snake:4:  minmay_snake_end_coiled, layout_concentric_octagons
Orc:1:    layout_caves, serial_shops, nicolae_shop_statue_plus
Orc:2:    st_orc_elflike, layout_diamond_mine, serial_shops, shop,
          nicolae_shop_hallway_plus, shop, guppyfry_library_mini
Elf:1:    elf_arrival_001, layout_loops_cross, serial_shops, shop_fountains,
          shop, nicolae_shop_hallway_plus, nicolae_square_shop,
          hangedman_elf_disciples, drop_trap
Elf:2:    nicolae_elf_blades_crystal_corner, layout_loops_corners,
          gammafunk_ghost_ooze, serial_sigils_hangedman_confine
Elf:3:    grunt_elf_hall_asides, layout_onion_city, serial_shops, shop_statue,
          shop, nicolae_lakefront_shop, serial_glass, glass_columns_b,
          glass_columns_b, glass_columns_a, glass_columns_c, glass_columns_b,
          glass_columns_a, glass_columns_a, glass_columns_a
Vaults:1: grunt_vaults_diagonal, nicolae_vaults_what_the_h, st_eye,
          vaults_mumra_hexcomb, vaults_room_grunt_arrival_ludios,
          ontoclasm_vaults_pinch, nicolae_vaults_border_crossing,
          layout_vaults_omnigrid, serial_shops, nicolae_shop_trees
Vaults:2: v_misc_13, nicolae_vaults_stairing_the_circle,
          nicolae_vaults_yaktaur_gun_rack, layout_vaults_maze_bifur
Vaults:3: dpeg_vaults_monster_box, nicolae_vaults_quartermaster,
          nicolae_vaults_little_squares_1, v_alt_pattern_6, vaults_room_boxed,
          vaults_standard_mumra_enter_the_diamond, vaults_dpeg_diagonal,
          v_misc_19, ontoclasm_vaults_shuriken, nicolae_vaults_little_squares_1,
          layout_vaults_chaotic_city, serial_shops, nicolae_shop_hallway_plus
Vaults:4: v_alt_pattern_2, v_misc_12, hangedman_vaults_cutoff,
          grunt_vaults_swirl, nicolae_vaults_ninety_degrees, v_pattern_4,
          hangedman_vaults_corner_blocks, vaults_dpeg_ring,
          vaults_room_semicircle, st_check, v_misc_23, layout_vaults_big_cross,
          serial_shops, shop, uniq_margery, uniq_frederick
Vaults:5: serial_shops
Depths:1: minmay_the_grid_triangle_9x9_rhombus_full_mashed
          [minmay_the_grid_triangle_9x9_impossible_snake,
          minmay_the_grid_triangle_9x9_zippers_vertical,
          minmay_the_grid_triangle_9x9_corrupted_corridor,
          minmay_the_grid_triangle_9x9_cache,
          minmay_the_grid_triangle_9x9_from_above,
          minmay_the_grid_triangle_9x9_sprig,
          minmay_the_grid_triangle_9x9_limited_checkers,
          minmay_the_grid_triangle_9x9_prize_insulated], layout_gridlike,
          enter_ziggurat_c, abyss_entry_small_statue_room,
          grunt_hell_entry_dis_old, lightli_giant_bouncers, firewood_loft,
          minmay_shop_star, serial_bayou_shore_b
Depths:2: kennysheep_snake, layout_honeycomb,
          nicolae_abyss_entry_one_way_or_another, grunt_metal_band,
          enter_trove_1, serial_shops, nicolae_stop_n_shop_1,
          grunt_decor_arrowhead, pan_entry, nicolae_shop_vocational
Depths:3: grunt_twist_and_shout, layout_cave_shapes, serial_shops,
          kennysheep_little_box, nicolae_shop_waterfront, shop_statue, shop,
          shop, kennysheep_donut, abyss_entry, hell_entry, drop_trap,
          nicolae_vehumet_radiance, infiniplex_staircase_spiral
Depths:4: grunt_zot_entry_alcove, layout_basic, hangedman_coc_ice_floe,
          trog_three_pillars_becter, serial_bayou_shore_a
Zot:1:    layout_misc_corridors, gammafunk_ghost_arena,
          hangedman_elemental_grid_stream
Zot:2:    layout_onion_interference, st_stairs_3
Zot:3:    layout_basic
Zot:4:    gammafunk_sealed_arena, layout_cellular_growth,
          hangedman_zot_decor_tridents, nicolae_transporter_circle
Zot:5:    layout_twisted_circle

Skill      XL: |  1  2  3  4  5  6  7  8  9 10 11 12 13 14 15 16 17 18 19 20 21 22 23 24 25 26 27 |
---------------+----------------------------------------------------------------------------------+-----
Maces & Flails | 2 3 4 5 6 7 8 9 10 11 12 13 14 15 16 | 16.0
Fighting       | 5 6 7 8 9 10 11 13 14 16 18 19 20 21 22 23 24 26 27 | 27.0
Throwing       | 2 3 5 6 7 8 9 10 11 12 13 14 15 16 18 19 21 | 21.3
Dodging        | 3 4 5 6 7 8 9 10 11 12 13 14 15 16 | 16.4
Shields        | 4 5 6 7 8 9 11 12 14 15 16 17 18 19 20 21 22 23 | 23.8
Armour         | 2 3 4 5 6 7 8 9 10 11 12 13 14 16 17 | 17.0
Evocations     | 3 5 6 7 9 11 12 | 12.7

Action                   |  1- 3 |  4- 6 |  7- 9 | 10-12 | 13-15 | 16-18 | 19-21 | 22-24 | 25-27 || total
-------------------------+-------+-------+-------+-------+-------+-------+-------+-------+-------++-------
Melee: Flail             |    93 |   288 |   278 |    83 |       |   541 |       |       |   216 ||  1499
       Kick              |       |     3 |    80 |   188 |   398 |   534 |    83 |   654 |   427 ||  2367
       Morningstar       |       |       |       |   459 |  1051 |   486 |       |       |       ||  1996
       Unarmed           |       |       |       |       |       |     5 |       |       |       ||     5
       Eveningstar       |       |       |       |       |       |   315 |  1404 |  1500 |  1049 ||  4268
       Bite              |       |       |       |       |       |       |   207 |       |       ||   207
       Headbutt          |       |       |       |       |       |       |       |       |   101 ||   101
Throw: Stone             |       |       |       |       |    38 |    82 |       |       |       ||   120
       Boomerang         |       |       |       |       |       |       |       |    62 |   275 ||   337
       Large rock        |       |       |       |       |       |       |       |       |    49 ||    49
       Javelin           |       |       |       |       |       |       |       |       |     4 ||     4
Invok: Berserk           |       |       |       |     4 |     3 |     6 |     4 |     4 |     9 ||    30
       Trog's Hand       |       |       |       |     1 |     5 |    11 |    11 |    14 |    18 ||    60
       Brothers in Arms  |       |       |       |       |       |       |       |       |     2 ||     2
Evoke: Wand              |       |       |       |       |       |       |       |       |    11 ||    11
  Use: Scroll            |     5 |     2 |    10 |    10 |     7 |     9 |     5 |    24 |    10 ||    82
       Potion            |     2 |     4 |     2 |     1 |       |     2 |     1 |     9 |     9 ||    30
 Stab: Sleeping          |       |     1 |     3 |       |       |       |       |       |       ||     4
       Petrified         |       |       |       |       |     5 |       |       |       |       ||     5
       Confused          |       |       |       |       |       |       |       |       |     2 ||     2
Armor: Robe              |    31 |   134 |    26 |       |       |       |       |       |       ||   191
       Gold dragon scale |       |       |    53 |   332 |   529 |   464 |   356 |   454 |   563 ||  2751
Dodge: Dodged            |    30 |   129 |    81 |    58 |   240 |   289 |   291 |   328 |   456 ||  1902
Block: Kite shield       |    49 |   139 |   128 |   314 |    92 |       |       |       |       ||   722
       Reflection        |       |       |       |     9 |    20 |   196 |    96 |    33 |    16 ||   370
       Tower shield      |       |       |       |       |  1544 |  2047 |  1601 |  1989 |  2013 ||  9194
       Other             |       |       |       |       |       |     1 |       |       |       ||     1

Table legend: (Time is in decaauts)
 A = Elapsed time spent in this place.
 B = Non-inter-level travel time spent in this place.
 C = Inter-level travel time spent in this place.
 D = Time resting spent in this place.
 E = Time spent auto-exploring this place.
 F = Levels seen in this place.
 G = Mean time per level.
                   A        B        C        D        E       F      G
               +--------+--------+--------+--------+--------+-----+--------+
         Total |  83383 |  75447 |   7936 |   9319 |  51497 |  52 | 1603.5 |
       Dungeon |  22127 |  19201 |   2926 |   1648 |  14186 |  15 | 1475.1 |
        Temple |    302 |    277 |     25 |      0 |    263 |   1 |  302.0 |
          Lair |   7417 |   7014 |    403 |    705 |   4909 |   5 | 1483.4 |
         Swamp |   3624 |   3461 |    163 |    441 |   2266 |   4 |  906.0 |
     Snake Pit |   7385 |   7165 |    220 |    689 |   5029 |   4 | 1846.2 |
  Orcish Mines |   2822 |   2074 |    748 |    345 |   1319 |   2 | 1411.0 |
   Elven Halls |   6385 |   5597 |    788 |    826 |   3562 |   3 | 2128.3 |
        Vaults |   9485 |   8718 |    767 |   1255 |   5843 |   5 | 1897.0 |
        Depths |   8841 |   7438 |   1403 |    106 |   5988 |   4 | 2210.2 |
           Zot |  11158 |  10669 |    489 |   2649 |   5968 |   5 | 2231.6 |
         Abyss |    471 |    471 |      0 |     30 |    195 |   1 |  471.0 |
         Sewer |   1824 |   1824 |      0 |    266 |   1221 |   1 | 1824.0 |
        Bailey |    710 |    710 |      0 |    355 |    189 |   1 |  710.0 |
      Gauntlet |    826 |    826 |      0 |      2 |    555 |   1 |  826.0 |
               +--------+--------+--------+--------+--------+-----+--------+

Top non-repeatable levels by time:
   Zot:1: 3360 daAuts
     D:8: 2954 daAuts
     D:5: 2745 daAuts
   Zot:4: 2697 daAuts
   Elf:3: 2641 daAuts
Vaults:1: 2615 daAuts
   Elf:2: 2590 daAuts
Depths:2: 2468 daAuts
Depths:4: 2393 daAuts
Depths:1: 2324 daAuts
Vaults:3: 2261 daAuts
Vaults:5: 2239 daAuts
   Zot:5: 2162 daAuts
 Snake:4: 2040 daAuts
Vaults:4: 2006 daAuts
